 Dungeon Crawl Stone Soup version 0.31-a0-145-g046c7d2549 (webtiles) character file.

Game seed: 13399657007710111049

203 Irreverend the Shooter (level 5, -9/42 HPs)
             Began as a Barachi Hunter on June 7, 2023.
             Mangled by an iguana (13 damage)
             ... on level 4 of the Dungeon.
             The game lasted 00:03:50 (2329 turns).

Irreverend the Shooter (Barachi Hunter)             Turns: 2329, Time: 00:03:50

Health: -9/42      AC:  4    Str: 12    XL:     5   Next: 81%
Magic:  5/5        EV: 13    Int: 10    God:
Gold:   117        SH:  0    Dex: 17    Spells: 4/4 levels left

rFire   . . .        a - +0 shortbow
rCold   . . .        (shield currently unavailable)
rNeg    . . .        c - +0 leather armour
rPois   .            h - +0 helmet
rElec   .            (no cloak)
rCorr   .            (no gloves)
SInv    +            (no boots)
Will    .....        (no amulet)
Stlth   ++           l - ring of see invisible
HPRegen 0.27/turn    (no ring)
MPRegen 0.09/turn

%: no passive effects
@: unable to hop, attractive, slow
A: amphibious, slowness 1, strong legs 1, +LOS
a: Hop


You were on level 4 of the Dungeon.
You visited 1 branch of the dungeon, and saw 4 of its levels.

You collected 117 gold pieces.

Inventory:

Hand Weapons
 a - a +0 shortbow (weapon)
Missiles
 p - a throwing net
Armour
 c - a +0 leather armour (worn)
 h - a +0 helmet (worn)
Jewellery
 l - a ring of see invisible (left hand)
Scrolls
 b - a scroll of butterflies
 d - a scroll of vulnerability {unknown}
 e - 4 scrolls of identify
 f - a scroll of blinking {unknown}
 g - 2 scrolls of noise
 j - a scroll of immolation {unknown}
 k - a scroll of magic mapping {unknown}
 m - a scroll of summoning {unknown}
Potions
 n - a potion of ambrosia {unknown}
 o - a potion of heal wounds {unknown}
 q - a potion of brilliance {unknown}
 r - a potion of mutation {unknown}


   Skills:
 + Level 4.0 Fighting
 * Level 5.6 Ranged Weapons
 + Level 3.6 Dodging
 - Level 0.8 Stealth


You had 4 spell levels left.
You didn't know any spells.
Your spell library contained the following spells:

 Spells                   Type           Power      Damage    Failure   Level
 Poisonous Vapours        Pois/Air       0%         N/A       58%         2
 Sublimation of Blood     Necr           0%         N/A       58%         2
 Wereblood                Tmut           0%         N/A       58%         2
 Mephitic Cloud           Conj/Pois/Air  0%         N/A       82%         3
 Freezing Cloud           Conj/Ice/Air   0%         6-21      100%        5
 Summon Hydra             Summ           0%         N/A       100%        7


Dungeon Overview and Level Annotations

Branches:
Dungeon (4/15)
 Temple: D:4-7

Altars:
Makhleb

Shops:
D:1 =


Innate Abilities, Weirdness & Mutations

You are amphibious.
You cover ground slowly.
You can hop short distances.
You have an extended range of vision and can be seen from far away.


Message History

You shoot an arrow. The arrow hits the iguana!
The iguana is severely wounded.
The iguana closely misses you.
You shoot an arrow. The arrow completely misses the iguana.
The iguana bites you!
You shoot an arrow. The arrow hits the iguana.
The iguana is severely wounded.
The iguana closely misses you.
You shoot an arrow. The arrow barely misses the iguana.
The iguana bites you!
You are too injured to fight recklessly!
You shoot an arrow. The arrow completely misses the iguana.
The iguana barely misses you.
You shoot an arrow. The arrow barely misses the iguana.
The iguana misses you. The iguana completely misses you.
You shoot an arrow.
The arrow hits the iguana but does no damage.
The iguana is severely wounded.
The iguana bites you!
* * * LOW HITPOINT WARNING * * *
Hop to where?
Press: ? - help, Dir - move target, p - iguana Boing!
As you read the scroll labelled VILYUM YPEI, it crumbles to dust.
It is a scroll of identify.
g - 2 scrolls of noise You shoot an arrow.
The arrow barely misses the iguana.
The iguana closely misses you.
You shoot an arrow.
The arrow hits the iguana but does no damage.
The iguana is severely wounded.
The iguana bites you.
* * * LOW HITPOINT WARNING * * *
You shoot an arrow. The arrow barely misses the iguana.
The iguana closely misses you.
You shoot an arrow. The arrow barely misses the iguana.
The iguana bites you.
* * * LOW HITPOINT WARNING * * *
It was a potion of attraction.
You feel attractive to monsters. The iguana bites you!
You die...

#...# #...#
#...# ##.#####
#†.....#
#.####.# #<# #.#
##.####.#
#....@..# #
#..###l.# ..##
#..# #..##.....#
#..# #........#
#.....<.####....
#.####### # ..


You could see an iguana.

Vanquished Creatures
  A hound (D:4)
  2 orc wizards (D:3)
  3 adders (D:2)
  A worm (D:2)
  3 dart slugs
  8 orcs (D:3)
  4 ball pythons
  2 endoplasms
  14 giant cockroaches
  7 goblins
  6 hobgoblins
  7 jackals (D:1)
  A quokka (D:2)
  A bat (D:1)
  4 frilled lizards
  5 kobolds
  7 rats
76 creatures vanquished.

Notes
Turn   | Place    | Note
-------+----------+-------------------------------------------
     0 | D:1      | Irreverend the Barachi Hunter began the quest for the Orb.
     0 | D:1      | Reached XP level 1. HP: 17/17 MP: 1/1
    58 | D:1      | Reached XP level 2. HP: 23/23 MP: 2/2
   103 | D:1      | Found Tah Umioh's Jewellery Shoppe.
   196 | D:1      | Reached XP level 3. HP: 28/28 MP: 3/3
   825 | D:2      | Reached XP level 4. HP: 23/35 MP: 4/4
  1115 | D:2      | Reached skill level 5 in Ranged Weapons
  1579 | D:3      | Reached XP level 5. HP: 38/42 MP: 5/5
  2254 | D:4      | Found a burning altar of Makhleb.
  2329 | D:4      | Mangled by an iguana

Illustrated notes

Levels and vault maps discovered:
D:1:      scummos_arrival_hexagon, layout_basic, serial_shops, shop
D:2:      layout_rooms, minmay_stone_trees_small, roderic_lattice_a
D:3:      minmay_roachtagon, layout_basic, mrwooster_statue_mirror,
          chequers_serial_rivers_micro_c
D:4:      layout_loops_corners, makhleb_heckhound_becter, small_statue_alley_b,
          uniq_sigmund

Skill      XL: |  1  2  3  4  5 |
---------------+----------------+-----
Fighting       | 3 4 |  4.0
Dodging        | 3 |  3.6
Ranged Weapons | 5 |  5.6
Stealth        | |  0.8

Action                     |  1- 3 |  4- 6 || total
---------------------------+-------+-------++-------
  Melee: Shortbow          |       |     2 ||     2
   Fire: Shortbow          |    87 |   177 ||   264
Ability: Hop               |       |     2 ||     2
    Use: Scroll            |       |     1 ||     1
         Potion            |       |     1 ||     1
 Armour: Leather armour    |     8 |    39 ||    47
  Dodge: Dodged            |    16 |    84 ||   100

Table legend: (Time is in decaauts)
 A = Elapsed time spent in this place.
 B = Non-inter-level travel time spent in this place.
 C = Inter-level travel time spent in this place.
 D = Time resting spent in this place.
 E = Time spent auto-exploring this place.
 F = Levels seen in this place.
 G = Mean time per level.
                   A        B        C        D        E       F      G
               +--------+--------+--------+--------+--------+-----+--------+
         Total |   2692 |   2540 |    152 |    173 |   1916 |   4 |  673.0 |
       Dungeon |   2692 |   2540 |    152 |    173 |   1916 |   4 |  673.0 |
               +--------+--------+--------+--------+--------+-----+--------+

Top non-repeatable levels by time:
     D:1: 911 daAuts
     D:3: 892 daAuts
     D:2: 805 daAuts
     D:4: 83 daAuts
